 Dungeon Crawl Stone Soup version 0.20-a0-1089-g3fde505 (webtiles) character file.

2263 Leszczynek the Poker (level 9, 0/59 HPs)
             Began as a Merfolk Summoner on May 3, 2017.
             Was an Elder of Okawaru.
             Slain by an orc warrior
             ... wielding a +0 battleaxe
              (27 damage)
             ... on level 10 of the Dungeon.
             The game lasted 00:47:41 (7841 turns).

Leszczynek the Poker (Merfolk Summoner)             Turns: 7841, Time: 00:47:42

Health: 0/59       AC:  7    Str:  8    XL:     9   Next: 38%
Magic:  18/23      EV: 14    Int: 18    God:    Okawaru [****..]
Gold:   563        SH:  0    Dex: 14    Spells: 1/15 levels left

rFire    . . .     SeeInvis .   a - +1 glaive (chop)
rCold    . . .     Gourm    .   (shield currently unavailable)
rNeg     . . .     Faith    +   k - +0 robe
rPois    .         Spirit   .   H - +0 helmet
rElec    .         Reflect  .   (no cloak)
rCorr    .         Harm     .   K - +1 pair of gloves
MR       .....                  y - +1 pair of boots
Stlth    +++.......             F - amulet of faith
Regen    0.2/turn               n - ring of stealth
MPRegen  0.2/turn               D - ring of magical power

@: no status effects
A: change form in water, swift swim, stealthy swim
a: Heroism, Renounce Religion


You were on level 10 of the Dungeon.
You worshipped Okawaru.
Okawaru was greatly pleased with you.
You were not hungry.

You visited 2 branches of the dungeon, and saw 11 of its levels.

You collected 683 gold pieces.
You spent 120 gold pieces at shops.

Inventory:

Hand Weapons
 a - a +1 glaive of chopping (weapon)
 b - a +1 trident
 v - a +0 mace of draining
Missiles
 g - 6 javelins (quivered)
 G - 4 tomahawks of returning
 M - 5 tomahawks
Armour
 k - a +0 robe (worn)
 y - a +1 pair of boots (worn)
 E - a +2 leather armour of fire resistance
 H - a +0 helmet (worn)
 K - a +1 pair of gloves (worn)
Jewellery
 n - a ring of stealth (left hand)
 D - a ring of magical power (right hand)
 F - an amulet of faith (around neck)
Wands
 B - a wand of flame (46/48)
 J - a wand of lightning (6/15)
 L - a wand of iceblast (6/15)
Scrolls
 e - 2 scrolls of identify {@r1}
 f - a scroll of torment {!r}
 h - 9 scrolls of remove curse {@r2}
 m - a scroll of fog
 p - a scroll of enchant armour
 q - 2 scrolls of teleportation
 I - a scroll of recharging
Potions
 j - a potion of agility
 l - 2 potions of brilliance
 o - a potion of flight
 r - 2 potions of heal wounds {@q2}
 u - a potion of cancellation
 w - a potion of mutation {unknown}
 x - 2 potions of magic
 z - 2 potions of curing {@q1}
 C - 4 potions of lignification {!q}
Books
 t - a book of Callings

   Spells                             Type                      Level
   a - Summon Small Mammal            Summoning                    1
   b - Call Imp                       Summoning                    2
   c - Call Canine Familiar           Summoning                    3
   d - Summon Guardian Golem          Hexes/Summoning              3
   e - Summon Lightning Spire         Summoning/Air                4
   f - Summon Ice Beast               Ice/Summoning                4
Comestibles
 c - 4 meat rations
 d - 9 bread rations
 i - 2 fruits
 s - 2 royal jellies
 A - 3 chunks of flesh


   Skills:
 - Level 1.4 Fighting
 + Level 7.7 Polearms
 - Level 3.8 Dodging
 - Level 2.1 Stealth
 - Level 3.6 Spellcasting
 - Level 7.3 Summonings
 - Level 7.0 Ice Magic
 * Level 3.4 Air Magic


You had one spell level left.
You knew the following spells:

 Your Spells              Type           Power        Failure   Level  Hunger
a - Summon Small Mammal   Summ           ####         1%          1    None
b - Call Imp              Summ           ####....     1%          2    ##.....
c - Call Canine Familiar  Summ           ####....     2%          3    ###....
d - Summon Ice Beast      Ice/Summ       ####....     8%          4    ####...
f - Summon Lightning Spi  Summ/Air       ###.....     16%         4    ####...


Dungeon Overview and Level Annotations

Branches:
Dungeon (10/15)            Temple (1/1) D:4
   Lair: D:8-11         Orc: D:9-12

Altars:
Cheibriados
Dithmenos
Elyvilon
Fedhas
Gozag
Nemelex Xobeh
Okawaru

Shops:
D:8 *

Portals:
Trove: D:10 (give 3 potions of resistance)

Annotations:
D:2 exclusion: downstairs
D:3 exclusions: ogre, orc priest and orc wizard, Grinder; grindst0ne's ghost, amateur MiFi
D:4 George's ghost, amateur MiFi
D:8 Psyche
D:9 exclusion: troll
D:10 exclusion: gargoyle, Gastronok


Message History

Your ice beast dies!
Your lightning spire shoots out a bolt of lightning at the orc!
The bolt of electricity hits the orc.
The orc dies!
Okawaru accepts your kill.
You barely miss the orc warrior.
The orc warrior is moderately wounded.
Your lightning spire shoots out a bolt of lightning at the orc warrior!
The bolt of electricity hits the orc warrior. x2
The bolt of electricity hits your lightning spire.
Your lightning spire completely resists.
The bolt of electricity hits your lightning spire.
Your lightning spire completely resists.
The orc warrior hits your lightning spire with a battleaxe!
Your lightning spire is destroyed!
The orc warrior hits you with a battleaxe.
The orc warrior shouts!
You are too injured to fight recklessly!
The orc warrior hits you with a battleaxe!!
You die...

..# #..........#
..# #..........#
..# #..........#
..# #..........#
..# #..........#
..######..........#
..................#
....)).........o..#
################@.#
#..# #..# #..#
################..#
................(.#
..................#
...########..###..#
...# ##รท.# #..#


You could see an orc warrior.

Vanquished Creatures
  A black bear (D:7)
  An ice beast (D:7)
  3 ogres
  3 bullfrogs
  2 scorpions
  3 crimson imps
  A quasit (D:9)
  A bullfrog skeleton (D:7)
  2 orc priests
  5 hounds
  3 orc wizards
  2 iguanas
  3 worker ants
  6 adders
  A shadow imp (D:9)
  An ooze (D:2)
  An adder zombie (D:5)
  An adder skeleton (D:6)
  2 dart slugs
  3 leopard geckos
  20 orcs
  4 bats
  8 giant cockroaches
  2 goblins
  A hobgoblin (D:2)
  5 jackals
  4 kobolds
  5 quokkas
  5 frilled lizards
  A jackal skeleton (D:4)
  A quokka skeleton (D:7)
  5 rats
106 creatures vanquished.

Vanquished Creatures (collateral kills)
  A hippogriff (D:9)
  A spriggan (D:8)
  2 sky beasts
  3 orc warriors
  An ogre (D:9)
  2 centaurs
  2 big kobolds (D:8)
  2 scorpions
  2 crimson imps
  2 centaur zombies
  A jelly (D:5)
  An orc priest (D:9)
  A centaur skeleton (D:7)
  2 orc wizards
  6 worker ants
  7 adders
  2 worms
  14 orcs
  2 giant cockroaches (D:5)
  3 goblins
  3 hobgoblins
  6 jackals
  2 bats
  3 frilled lizards
  8 kobolds
  A rat (D:1)
80 creatures vanquished.

Grand Total: 186 creatures vanquished

Notes
Turn   | Place    | Note
-------+----------+-------------------------------------------
     0 | D:1      | Leszczynek the Merfolk Summoner began the quest for the Orb.
     0 | D:1      | Reached XP level 1. HP: 13/13 MP: 3/3
    40 | D:1      | Reached skill level 3 in Dodging
   109 | D:1      | -2 dagger (curse)
   109 | D:1      | ha ha totally my fault that i wanted to have a weapon
   109 | D:1      | should have gone UC!
   236 | D:1      | Reached skill level 1 in Fighting
   263 | D:1      | Reached XP level 2. HP: 21/21 MP: 3/5
   316 | D:1      | Learned a level 2 spell: Call Imp
  1396 | D:2      | Reached XP level 3. HP: 26/26 MP: 3/6
  1665 | D:3      | Noticed Grinder
  1692 | D:2      | Learned a level 3 spell: Call Canine Familiar
  1931 | D:3      | Reached skill level 5 in Summonings
  2066 | D:3      | Noticed an ogre
  2115 | D:3      | Reached XP level 4. HP: 30/32 MP: 7/7
  2225 | D:3      | Noticed grindst0ne's ghost (amateur MiFi)
  2722 | D:4      | Noticed George's ghost (amateur MiFi)
  2725 | D:4      | MiFis, MiFis everywhere
  2752 | D:4      | Got a dull robe
  2763 | D:4      | Identified the +1 robe of Creativity {-Cast Regen+ Str+8 SInv} (You found it on level 4 of the Dungeon)
  2763 | D:4      | >-cast
  2763 | D:4      | suuuure
  2773 | D:4      | >creativity
  2773 | D:4      | please
  3094 | D:4      | Noticed an ogre
  3110 | D:4      | Killed an ogre
  3110 | D:4      | Reached skill level 6 in Summonings
  3110 | D:4      | Reached XP level 5. HP: 37/37 MP: 1/8
  3188 | D:4      | Found a staircase to the Ecumenical Temple.
  3197 | Temple   | Entered the Ecumenical Temple
  3228 | Temple   | oh boy
  3228 | Temple   | i know i shouldn't
  3228 | Temple   | BUT
  3234 | Temple   | Became a worshipper of Warmaster Okawaru
  3428 | D:5      | Entered Level 5 of the Dungeon
  3501 | D:5      | Reached skill level 3 in Spellcasting
  3501 | D:5      | Reached XP level 6. HP: 30/43 MP: 7/10
  3773 | D:5      | Learned a level 4 spell: Summon Ice Beast
  3791 | D:5      | Reached skill level 1 in Ice Magic
  3817 | D:5      | Reached * piety under Okawaru
  3817 | D:5      | Reached skill level 2 in Ice Magic
  4133 | D:6      | Noticed an orc warrior
  4177 | D:6      | Noticed a sky beast
  4200 | D:6      | Reached skill level 3 in Ice Magic
  4225 | D:6      | Reached skill level 1 in Polearms
  4231 | D:6      | Reached XP level 7. HP: 43/48 MP: 12/12
  4248 | D:6      | Reached skill level 2 in Polearms
  4441 | D:6      | Reached skill level 3 in Polearms
  4570 | D:6      | Reached skill level 4 in Polearms
  4594 | D:6      | Reached skill level 5 in Polearms
  4701 | D:6      | Found a snail-covered altar of Cheibriados.
  4946 | D:7      | Reached skill level 4 in Ice Magic
  4967 | D:7      | Reached ** piety under Okawaru
  5119 | D:7      | ow
  5189 | D:7      | Reached skill level 5 in Ice Magic
  5189 | D:7      | Reached XP level 8. HP: 41/54 MP: 13/13
  5538 | D:8      | Noticed a spriggan baker
  5555 | D:8      | HP: 10/54 [adder (2)]
  5588 | D:8      | Reached skill level 6 in Ice Magic
  5609 | D:8      | Killed a spriggan baker
  5636 | D:8      | Reached skill level 7 in Ice Magic
  5654 | D:8      | "oops"
  5860 | D:8      | Found a sparkling altar of Nemelex Xobeh.
  5885 | D:8      | Found Dechet's Changing Room.
  5921 | D:8      | Bought 2 potions of lignification for 60 gold pieces
  5921 | D:8      | Bought 2 potions of lignification for 60 gold pieces
  6063 | D:8      | Learned a level 4 spell: Summon Lightning Spire
  6089 | D:8      | Reached *** piety under Okawaru
  6095 | D:8      | Noticed Psyche
  6558 | D:9      | Reached skill level 7 in Summonings
  6666 | D:9      | Reached skill level 6 in Polearms
  6802 | D:9      | the one game where i want to have gnolls
  6802 | D:9      | they don't appear
  7020 | D:9      | Reached XP level 9. HP: 35/59 MP: 14/14
  7068 | D:9      | Reached skill level 1 in Air Magic
  7110 | D:9      | Noticed a troll
  7145 | D:9      | Identified a scroll of acquirement
  7282 | D:9      | Reached **** piety under Okawaru
  7282 | D:9      | Reached skill level 7 in Polearms
  7282 | D:9      | Reached skill level 2 in Air Magic
  7349 | D:10     | Entered Level 10 of the Dungeon
  7405 | D:10     | Noticed a gargoyle
  7490 | D:10     | Reached skill level 3 in Air Magic
  7695 | D:10     | Found a portal to a secret trove of treasure.
  7698 | D:10     | trove: 3 !res
  7747 | D:10     | Noticed Gastronok
  7808 | D:10     | Found a shadowy altar of Dithmenos.
  7841 | D:10     | Slain by an orc warrior

Vault maps used:
D:1:      scummos_arrival_hexagon, serial_corexii_hall, corexii_hall_statues_s,
          corexii_hall_statues_x, serial_bayou_ford_a
D:3:      gammafunk_temple_overflow_claw, st_stairs_6, uniq_grinder
D:4:      lemuel_temple_firewalk_a
D:5:      first_bread, gup_sewer_entry_bubbles, nrook_loot_triangle
D:6:      cheibriados_altar_1
D:8:      basic_altar, the_bakery, grunt_ministairs_12,
          nicolae_transmutations_shop, uniq_psyche
D:10:     david_orc_5, enter_trove_6, nicolae_dithmenos_through_a_glass_darkly,
          uniq_gastronok, uniq_josephine, uniq_snorg
Temple:   dpeg_five_rooms_temple

Skill      XL: |  1  2  3  4  5  6  7  8  9 |
---------------+----------------------------+-----
Dodging        | 3 |  3.8
Fighting       | 1 |  1.4
Summonings     | 5 6 7 |  7.3
Spellcasting   | 3 |  3.6
Ice Magic      | 3 5 7 |  7.0
Polearms       | 1 5 6 7 |  7.7
Air Magic      | 3 |  3.4
Stealth        | |  2.1

Action                   |  1- 3 |  4- 6 |  7- 9 || total
-------------------------+-------+-------+-------++-------
Melee: Dagger            |    34 |       |       ||    34
       Unarmed           |     5 |       |       ||     5
       Whip              |    67 |    19 |       ||    86
       Mace              |       |    75 |    49 ||   124
       Rapier            |       |     6 |       ||     6
       Tailslap          |       |     1 |       ||     1
       Trident           |       |       |   173 ||   173
       Glaive            |       |       |    75 ||    75
Throw: Javelin           |     1 |     2 |     3 ||     6
 Cast: Summon Small Mamm |     8 |       |       ||     8
       Call Imp          |    13 |    14 |    17 ||    44
       Call Canine Famil |     2 |    12 |    34 ||    48
       Summon Ice Beast  |       |     1 |    10 ||    11
       Summon Lightning  |       |       |     3 ||     3
Invok: Heroism           |       |       |     3 ||     3
Evoke: Wand              |       |       |     1 ||     1
  Use: Scroll            |     2 |    11 |    11 ||    24
       Potion            |       |     1 |     6 ||     7
 Stab: Sleeping          |    11 |     9 |     6 ||    26
       Distracted        |     2 |     4 |    10 ||    16
  Eat: Chunk             |     5 |     7 |    13 ||    25
       Fruit             |     1 |     2 |     2 ||     5
       Bread ration      |       |       |     1 ||     1
Armor: Robe              |    11 |    13 |    35 ||    59
       Skin              |       |       |     3 ||     3
Dodge: Dodged            |    80 |    72 |   234 ||   386
